 Dungeon Crawl Stone Soup version 0.24-a0-368-g0e0cebd0f3 (webtiles) character file.

Game seed: 1795740605053586803

1737 Nautrax the Carver (level 8, -10/71 HPs)
             Began as a Minotaur Fighter on May 29, 2019.
             Was an Initiate of the Shining One.
             Splashed by a wight's acid (16 damage)
             ... on level 6 of the Dungeon.
             The game lasted 00:29:21 (5670 turns).

Nautrax the Carver (Minotaur Fighter)               Turns: 5670, Time: 00:29:21

Health: -10/71     AC:  6    Str: 23    XL:     8   Next: 76%
Magic:  0/7        EV:  8    Int:  5    God:    the Shining One [......]
Gold:   228        SH: 11    Dex: 10    Spells: 7/7 levels left

rFire    . . .     SeeInvis .   a - +1 long sword
rCold    + . .     Gourm    .   c - +0 shield
rNeg     . . .     Faith    .   p - +3 scale mail {rC+}
rPois    .         Spirit   +   (helmet restricted)
rElec    .         Reflect  .   s - +0 cloak
rCorr    .         Harm     .   h - +1 pair of gloves
MR       .....                  (no boots)
Stlth    ..........             m - amulet of guardian spirit
HPRegen  0.21/turn              (no ring)
MPRegen  0.10/turn              (no ring)

@: corroded, glowing
A: retaliatory headbutt, horns 2
a: Renounce Religion


You were on level 6 of the Dungeon.
You worshipped the Shining One.
The Shining One was noncommittal.
You were not hungry.

You visited 2 branches of the dungeon, and saw 7 of its levels.

You collected 228 gold pieces.

Inventory:

Hand Weapons
 a - a +1 long sword (weapon)
Armour
 c - a +0 shield (worn)
 h - a +1 pair of gloves (worn)
 p - a +3 scale mail of cold resistance (worn)
 s - a +0 cloak (worn)
Jewellery
 m - an amulet of guardian spirit (around neck)
Wands
 e - a wand of digging (3)
 o - a wand of random effects (26)
Scrolls
 k - a scroll of teleportation
 n - a scroll of fear
 r - a scroll of blinking
Potions
 b - a potion of berserk rage {unknown}
 d - a potion of might
 g - 3 potions of heal wounds {unknown}
 i - 2 potions of haste {unknown}
 j - 3 potions of curing {unknown}
 u - a potion of degeneration {unknown}
 w - a potion of lignification {unknown}
 x - 2 potions of mutation {unknown}
Comestibles
 f - 12 rations
 l - 5 chunks of flesh


   Skills:
 + Level 6.8 Fighting
 * Level 8.4 Long Blades
 + Level 7.6 Armour
 - Level 0.2 Dodging
 + Level 7.1 Shields


You had 7 spell levels left.
You didn't know any spells.
Your spell library was empty.

Dungeon Overview and Level Annotations

Branches:
Dungeon (6/15)             Temple (1/1) D:5

Altars:
Ashenzari
Dithmenos
Elyvilon
Fedhas
Gozag
Hepliaklqana
Kikubaaqudgha
Makhleb
Nemelex Xobeh
Okawaru
Qazlal
Ru
Sif Muna
Trog
Uskayaw
Vehumet
Wu Jian
Xom
Yredelemnul
The Shining One


Innate Abilities, Weirdness & Mutations

You reflexively headbutt those who attack you in melee.
You have a pair of horns on your head.


Message History

The black bear bites you but does no damage.
The black bear claws you but does no damage. x2
You slash the black bear!
You kill the black bear!
You see here a black bear corpse.
You butcher the black bear corpse.
l - 5 chunks of flesh (gained 4)
You see here a black bear skeleton.
A wight comes into view.
It is wielding a +0 short sword and carrying a wand of acid (10).
The wight zaps a wand.
The bolt of acid hits you!
You are splashed with acid!
You see here a chain mail.
A wight comes into view. It is wielding a +6 great sword.
The wight zaps a wand.
The bolt of acid misses you.
The wight zaps a wand.
The bolt of acid hits you. The acid corrodes you!
You are splashed with acid!
You see here a chain mail.
The wight zaps a wand.
The bolt of acid hits you!!
* * * LOW HITPOINT WARNING * * *
The acid corrodes you!
You are splashed with acid!
You die...

...........'.#
#.#.#
............#.#
#...#
.###.......##.#
#.###
##....z###.#####.#
........##.......#
#.###+##.#####.####
#. #.##.# #.#
#.##z#####.#
##@..[......#
#..##...#.#######
#.....รท..$#
#.###...### ##.##
...# #####


You could see a wight.

Vanquished Creatures
  Grinder (D:3)
  Sigmund (D:4)
  3 ice beasts
  A black bear (D:6)
  An ogre (D:4)
  3 centaurs (D:5)
  A bullfrog (D:6)
  3 crimson imps
  An orc priest (D:3)
  An orc wizard (D:3)
  A bullfrog skeleton (D:4)
  A centaur skeleton (D:4)
  Crazy Yiuf (D:2)
  2 iguanas
  Ijyb (D:3)
  Natasha (thrice) (D:2)
  Terence (D:2)
  A worker ant (D:4)
  A hound skeleton (D:4)
  A gnoll (D:2)
  6 adders
  A shadow imp (D:3)
  A white imp (D:5)
  3 worms
  3 dart slugs
  6 leopard geckos
  4 orcs
  A ball python (D:2)
  6 bats
  6 giant cockroaches
  6 goblins
  7 hobgoblins
  10 jackals
  4 quokkas
  A ball python skeleton (D:4)
  6 frilled lizards
  4 kobolds
  6 rats
  2 fungi (D:1)
112 creatures vanquished.

Notes
Turn   | Place    | Note
-------+----------+-------------------------------------------
     0 | D:1      | Nautrax the Minotaur Fighter began the quest for the Orb.
     0 | D:1      | Reached XP level 1. HP: 19/19 MP: 0/0
   304 | D:1      | Reached XP level 2. HP: 26/27 MP: 1/1
   937 | D:2      | Noticed Natasha
   946 | D:2      | Killed Natasha
   946 | D:2      | Reached XP level 3. HP: 26/33 MP: 2/2
  1038 | D:2      | Noticed Natasha
  1044 | D:2      | Killed Natasha
  1044 | D:2      | Reached skill level 5 in Armour
  1044 | D:2      | Reached XP level 4. HP: 29/40 MP: 3/3
  1084 | D:2      | Noticed Natasha
  1091 | D:2      | Reached skill level 3 in Long Blades
  1098 | D:2      | Killed Natasha
  1405 | D:2      | Noticed Terence
  1430 | D:2      | Killed Terence
  1430 | D:2      | Reached XP level 5. HP: 23/46 MP: 4/4
  1970 | D:2      | Found a runed translucent door.
  1971 | D:2      | Noticed Crazy Yiuf
  2227 | D:2      | Paralysed by Crazy Yiuf for 6 turns
  2235 | D:2      | Killed Crazy Yiuf
  2235 | D:2      | Reached skill level 4 in Long Blades
  2336 | D:3      | Reached skill level 5 in Shields
  2336 | D:3      | Reached XP level 6. HP: 30/53 MP: 5/5
  2357 | D:3      | Noticed Ijyb
  2527 | D:3      | Noticed Grinder
  2573 | D:3      | Killed Grinder
  2573 | D:3      | Reached skill level 5 in Fighting
  2573 | D:3      | Reached skill level 5 in Long Blades
  2841 | D:3      | Killed Ijyb
  2841 | D:3      | Reached XP level 7. HP: 38/61 MP: 6/6
  3831 | D:4      | Reached skill level 6 in Long Blades
  4193 | D:4      | Noticed Sigmund
  4213 | D:4      | Killed Sigmund
  4370 | D:4      | Reached XP level 8. HP: 66/70 MP: 7/7
  4405 | D:5      | Entered Level 5 of the Dungeon
  4415 | D:5      | Reached skill level 7 in Long Blades
  5057 | D:5      | Found a staircase to the Ecumenical Temple.
  5182 | D:5      | Reached skill level 8 in Long Blades
  5343 | Temple   | Entered the Ecumenical Temple
  5502 | Temple   | Became a worshipper of the Shining One
  5670 | D:6      | Splashed by a wight's acid

Levels and vault maps discovered:
D:1:      dpeg_cavernosity, layout_basic
D:2:      layout_basic, cheibrodos_gnoll_hut, uniq_terence, uniq_natasha,
          uniq_crazy_yiuf_cottage
D:3:      layout_basic, first_ration, uniq_grinder, uniq_ijyb
D:4:      layout_gridville, uniq_sigmund
D:5:      layout_cave_pools, temple_hall, minmay_fire_ice_demons
D:6:      layout_loops_corners
Temple:   regret_index_temple_chain_breaker

Skill      XL: |  1  2  3  4  5  6  7  8 |
---------------+-------------------------+-----
Armour         | 4 5 6 7 |  7.6
Shields        | 4 5 6 7 |  7.1
Fighting       | 4 5 6 |  6.8
Long Blades    | 3 4 5 6 8 |  8.4
Dodging        | |  0.2

Action                   |  1- 3 |  4- 6 |  7- 9 || total
-------------------------+-------+-------+-------++-------
Melee: Long sword        |    65 |   122 |   170 ||   357
       Headbutt          |    14 |    33 |    37 ||    84
  Use: Scroll            |       |     4 |    10 ||    14
  Eat: Chunk             |     1 |     5 |     4 ||    10
       Ration            |       |       |     2 ||     2
Armor: Scale mail        |    28 |    45 |    72 ||   145
Dodge: Dodged            |    17 |    39 |    54 ||   110
Block: Shield            |    37 |    64 |    85 ||   186
       Rpst.: Long sword |     5 |    11 |    13 ||    29

Table legend:
 A = Non-vault XP
 B = Vault XP
 C = Vault XP percentage of total XP
 D = Non-vault monster count
 E = Vault monster count
 F = Vault count percentage of total count
                 A         B        C        D         E       F
            +---------+---------+-------+---------+---------+-------
      Total |    1756 |     726 |  29.3 |      95 |      15 |  13.6
            +---------+---------+-------+---------+---------+-------
        D:1 |      17 |       7 |  29.2 |       9 |       4 |  30.8
        D:2 |     169 |     128 |  43.1 |      28 |       6 |  17.6
        D:3 |     137 |     308 |  69.2 |      24 |       2 |   7.7
        D:4 |     450 |     223 |  33.1 |      16 |       1 |   5.9
        D:5 |     698 |      60 |   7.9 |      14 |       2 |  12.5
        D:6 |     285 |       0 |   0.0 |       4 |       0 |   0.0
            +---------+---------+-------+---------+---------+-------
